General information
- name: BNet
- type: Ladder team game (AT/RT)
- host: Battle.net
- saver: Philbot.ggL
map: Friends
- players: 8
- length: 37:32
- speed: Fast
- version: 1.24 W3XP
- replay type: Public
» download(276 KB)
Players
team 1 (loser)

»
MGmT_cONGRAts (
red | 54 APM | 1569 actions | 29:06)
3 Crypt Lord
2 Carrion Beetles
1 Spiked Carapace
3 Death Knight
1 Death Coil
2 Unholy Aura
1 Blademaster
1 Critical Strike
» actions
| Assign group hotkey | 43 | |
| Basic commands | 42 | |
| Build / train | 71 | |
| Enter build submenu | 20 | |
| Enter hero's abilities submenu | 7 | |
| Right click | 512 | |
| Select / deselect | 425 | |
| Select group hotkey | 388 | |
| Use ability | 61 | |
1569 total
» units
| Acolyte | 12 | |
| Ghoul | 16 | |
| Abomination | 7 | |
| Meatwagon | 1 | |
| Troll Headhunter/Berserker | 2 | |
| Shaman | 1 | |
| Troll Witch Doctor | 1 | |
40 total
» upgrades
| Cannibalize | 1 | |
| Unholy Armor | 3 | |
| Unholy Strength | 2 | |
| Disease Cloud | 1 | |
| Ranged Weapons | 1 | |
| Armor | 1 | |
9 total
» buildings
| Crypt | 1 | |
| Altar of Darkness | 1 | |
| Ziggurat | 8 | |
| Tomb of Relics | 1 | |
| Nerubian Tower | 2 | |
| Halls of the Dead | 1 | |
| Graveyard | 1 | |
| Black Citadel | 1 | |
| Slaughterhouse | 2 | |
| Spirit Tower | 3 | |
| Orc Burrow | 1 | |
22 total
» build order
00:11 Crypt
00:16 Altar of Darkness
00:42 Ziggurat
01:08 Ziggurat
01:28 Tomb of Relics
02:15 Nerubian Tower
02:34 Ziggurat
03:59 Nerubian Tower
05:30 Halls of the Dead
06:56 Graveyard
06:59 Ziggurat
07:52 Black Citadel
09:07 Slaughterhouse
09:13 Slaughterhouse
11:44 Ziggurat
12:54 Ziggurat
13:57 Spirit Tower
16:04 Spirit Tower
16:26 Spirit Tower
22:35 Ziggurat
25:35 Ziggurat
25:51 Orc Burrow
» items
| Rod of Necromancy | 1 | |
| Dust of Appearance | 1 | |
| Scroll of Town Portal | 2 | |
| Scroll of Speed | 2 | |
6 total
Terminator_ (
orange | 78 APM | 2929 actions | 37:28)
7 Blademaster
2 Wind Walk
3 Critical Strike
1 Bladestorm
1 Mirror Image
7 Shadow Hunter
3 Healing Wave
3 Hex
1 Big Bad Voodoo
» actions
| Assign group hotkey | 25 | |
| Build / train | 133 | |
| Enter build submenu | 41 | |
| Enter hero's abilities submenu | 14 | |
| Give item / drop item | 3 | |
| Right click | 932 | |
| Select / deselect | 363 | |
| Select group hotkey | 1239 | |
| Use ability | 179 | |
2929 total
» units
| Peon | 17 | |
| Wind Rider | 13 | |
| Kodo Beast | 3 | |
| Goblin Shredder | 2 | |
| Troll Batrider | 13 | |
48 total
» upgrades
| Spiked Barricades | 1 | |
| Ranged Weapons | 3 | |
| Armor | 3 | |
| Envenomed Spears | 1 | |
| Reinforced Defenses | 1 | |
| Liquid Fire | 1 | |
| War Drums Damage Increase | 1 | |
11 total
» buildings
| Altar of Storms | 1 | |
| Orc Burrow | 10 | |
| Voodoo Lounge | 1 | |
| War Mill | 1 | |
| Watch Tower | 19 | |
| Stronghold | 1 | |
| Fortress | 1 | |
| Beastiary | 5 | |
| Great Hall | 2 | |
41 total
» build order
00:09 Altar of Storms
00:24 Orc Burrow
01:08 Voodoo Lounge
01:19 Orc Burrow
01:51 War Mill
03:29 Watch Tower
03:31 Watch Tower
03:34 Watch Tower
03:36 Watch Tower
03:39 Watch Tower
04:09 Orc Burrow
04:31 Watch Tower
05:05 Stronghold
06:18 Orc Burrow
06:29 Watch Tower
06:36 Watch Tower
07:32 Fortress
07:44 Beastiary
07:47 Beastiary
07:49 Beastiary
08:02 Beastiary
12:10 Great Hall
15:31 Orc Burrow
15:32 Orc Burrow
15:34 Orc Burrow
15:35 Orc Burrow
20:44 Orc Burrow
20:46 Watch Tower
20:48 Watch Tower
20:51 Watch Tower
21:18 Watch Tower
21:20 Watch Tower
21:30 Orc Burrow
21:33 Watch Tower
24:13 Beastiary
36:36 Great Hall
36:44 Watch Tower
36:47 Watch Tower
36:54 Watch Tower
36:56 Watch Tower
37:03 Watch Tower
» items
| Healing Salve | 9 | |
| Lesser Clarity Potion | 13 | |
| Scroll of Speed | 6 | |
| Potion of Healing | 8 | |
| Potion of Mana | 7 | |
| Scroll of Town Portal | 6 | |
| Orb of Lightning | 1 | |
| Inferno Stone | 1 | |
51 total
egoid (
blue | 87 APM | 2167 actions | 24:57)
2 Shadow Hunter
1 Hex
1 Healing Wave
2 Blademaster
1 Wind Walk
1 Critical Strike
» actions
| Assign group hotkey | 52 | |
| Basic commands | 323 | |
| Build / train | 77 | |
| Enter build submenu | 19 | |
| Enter hero's abilities submenu | 4 | |
| Remove unit from queue | 2 | |
| Right click | 641 | |
| Select / deselect | 343 | |
| Select group hotkey | 641 | |
| Use ability | 64 | |
2167 total
» units
| Peon | 8 | |
| Grunt | 9 | |
| Troll Headhunter/Berserker | 18 | |
| Goblin Sapper | 2 | |
| Troll Witch Doctor | 4 | |
| Shaman | 5 | |
46 total
» upgrades
| Armor | 2 | |
| Melee Weapons | 1 | |
| Ranged Weapons | 2 | |
| Spiked Barricades | 1 | |
| Witch Doctor Training | 2 | |
| Berserker Upgrade | 1 | |
| Troll Regeneration | 1 | |
| Shaman Training | 2 | |
12 total
» buildings
| Barracks | 2 | |
| Orc Burrow | 6 | |
| Altar of Storms | 1 | |
| Voodoo Lounge | 1 | |
| War Mill | 1 | |
| Stronghold | 1 | |
| Watch Tower | 4 | |
| Spirit Lodge | 3 | |
| Fortress | 1 | |
20 total
» build order
00:22 Barracks
00:27 Orc Burrow
00:41 Altar of Storms
01:30 Orc Burrow
02:25 Voodoo Lounge
03:57 War Mill
04:05 Orc Burrow
05:50 Stronghold
07:08 Watch Tower
07:17 Watch Tower
08:33 Orc Burrow
08:52 Watch Tower
08:55 Watch Tower
10:22 Spirit Lodge
10:26 Spirit Lodge
10:56 Fortress
13:44 Barracks
14:30 Spirit Lodge
15:06 Orc Burrow
15:17 Orc Burrow
» items
| Lesser Clarity Potion | 3 | |
| Healing Salve | 1 | |
| Orb of Lightning | 1 | |
| Potion of Mana | 2 | |
| Orb of Fire | 1 | |
| Potion of Healing | 1 | |
9 total
The_WarLord (
teal | 104 APM | 3110 actions | 29:54)
5 Paladin
3 Holy Light
2 Divine Shield
» actions
| Assign group hotkey | 39 | |
| Build / train | 76 | |
| Enter build submenu | 33 | |
| Enter hero's abilities submenu | 5 | |
| Right click | 1258 | |
| Select / deselect | 463 | |
| Select group hotkey | 1160 | |
| Use ability | 76 | |
3110 total
» units
| Peasant | 11 | |
| Footman | 12 | |
| Mortar Team | 9 | |
| Siege Engine | 3 | |
| Knight | 8 | |
43 total
» upgrades
| Defend | 1 | |
| Swords | 1 | |
| Masonry | 3 | |
| Plating | 1 | |
| Barrage | 1 | |
| Lumber Harvesting | 1 | |
| Flare | 1 | |
| Animal War Training | 1 | |
| Fragmentation Shards | 1 | |
11 total
» buildings
| Altar of Kings | 1 | |
| Farm | 13 | |
| Barracks | 2 | |
| Scout Tower | 7 | |
| Arcane Tower | 3 | |
| Keep | 1 | |
| Blacksmith | 1 | |
| Lumber Mill | 1 | |
| Castle | 1 | |
| Workshop | 2 | |
| Guard Tower | 4 | |
| Arcane Vault | 1 | |
37 total
» build order
00:08 Altar of Kings
00:11 Farm
00:26 Barracks
00:49 Farm
01:27 Farm
02:07 Scout Tower
02:58 Arcane Tower
04:16 Scout Tower
04:24 Farm
05:26 Keep
05:32 Barracks
05:34 Arcane Tower
06:38 Scout Tower
07:07 Arcane Tower
07:11 Farm
07:17 Blacksmith
07:42 Lumber Mill
08:50 Scout Tower
08:56 Castle
09:02 Farm
09:47 Scout Tower
10:00 Workshop
10:18 Guard Tower
11:12 Workshop
11:20 Farm
13:05 Arcane Vault
13:11 Scout Tower
13:18 Farm
14:15 Scout Tower
14:20 Farm
14:22 Guard Tower
17:15 Farm
23:32 Guard Tower
24:39 Farm
24:40 Farm
25:37 Farm
26:04 Guard Tower
» items
| Lesser Clarity Potion | 1 | |
| Healing Salve | 2 | |
| Scroll of Regeneration | 1 | |
| Scroll of Town Portal | 2 | |
| Orb of Lightning | 1 | |
7 total
team 2 (winner)
turkeypotpie (
pink | 43 APM | 1603 actions | 37:29)
8 Far Seer
3 Feral Spirit
3 Far Sight
1 Earth Quake
1 Chain Lighting
» actions
| Assign group hotkey | 20 | |
| Basic commands | 196 | |
| Build / train | 54 | |
| ESC pressed | 19 | |
| Enter build submenu | 23 | |
| Enter hero's abilities submenu | 10 | |
| Right click | 423 | |
| Select / deselect | 469 | |
| Select group hotkey | 233 | |
| Use ability | 156 | |
1603 total
» units
» upgrades
| Berserker Strength | 1 | |
| War Drums Damage Increase | 1 | |
2 total
» buildings
| Altar of Storms | 2 | |
| Orc Burrow | 16 | |
| Barracks | 1 | |
| Voodoo Lounge | 1 | |
| Stronghold | 1 | |
| Beastiary | 2 | |
| War Mill | 1 | |
| Fortress | 1 | |
25 total
» build order
00:09 Altar of Storms
00:20 Orc Burrow
00:40 Barracks
01:25 Voodoo Lounge
02:04 Orc Burrow
03:19 Stronghold
03:55 Orc Burrow
05:57 Beastiary
05:58 Beastiary
07:24 War Mill
07:40 Orc Burrow
07:43 Orc Burrow
07:44 Orc Burrow
07:45 Orc Burrow
10:32 Fortress
13:03 Orc Burrow
14:13 Orc Burrow
14:14 Orc Burrow
34:45 Altar of Storms
34:49 Orc Burrow
34:50 Orc Burrow
34:54 Orc Burrow
34:55 Orc Burrow
35:37 Orc Burrow
35:51 Orc Burrow
» items
| Healing Salve | 3 | |
| Lesser Clarity Potion | 4 | |
| Scroll of Speed | 1 | |
| Scroll of Town Portal | 3 | |
| Potion of Healing | 1 | |
| Orb of Lightning | 1 | |
13 total
tester.acc (
green | 83 APM | 3118 actions | 37:29)
8 Blademaster
3 Wind Walk
3 Critical Strike
1 Bladestorm
1 Mirror Image
» actions
| Assign group hotkey | 139 | |
| Basic commands | 174 | |
| Build / train | 103 | |
| ESC pressed | 6 | |
| Enter build submenu | 49 | |
| Enter hero's abilities submenu | 8 | |
| Right click | 1249 | |
| Select / deselect | 509 | |
| Select group hotkey | 668 | |
| Use ability | 213 | |
3118 total
» units
| Peon | 19 | |
| Grunt | 5 | |
| Troll Headhunter/Berserker | 10 | |
| Troll Witch Doctor | 8 | |
| Goblin Shredder | 2 | |
| Demolisher | 13 | |
| Troll Batrider | 8 | |
| Goblin Sapper | 3 | |
68 total
» upgrades
| Berserker Upgrade | 1 | |
| Witch Doctor Training | 2 | |
| Ranged Weapons | 3 | |
| Troll Regeneration | 1 | |
| Armor | 1 | |
| Burning Oil | 1 | |
| Reinforced Defenses | 1 | |
10 total
» buildings
| Barracks | 2 | |
| Orc Burrow | 7 | |
| Altar of Storms | 2 | |
| War Mill | 2 | |
| Voodoo Lounge | 2 | |
| Watch Tower | 24 | |
| Stronghold | 2 | |
| Fortress | 2 | |
| Spirit Lodge | 1 | |
| Great Hall | 1 | |
| Beastiary | 4 | |
49 total
» build order
00:08 Barracks
00:24 Orc Burrow
00:42 Altar of Storms
01:47 War Mill
01:56 Orc Burrow
02:34 Voodoo Lounge
03:04 Orc Burrow
03:52 Watch Tower
04:11 Orc Burrow
04:55 Stronghold
05:07 Watch Tower
07:06 Watch Tower
07:31 Fortress
07:53 Spirit Lodge
08:13 Watch Tower
10:14 Orc Burrow
10:19 Watch Tower
11:58 Barracks
13:14 Great Hall
14:19 Orc Burrow
26:34 Watch Tower
26:36 Watch Tower
26:38 Watch Tower
26:41 Watch Tower
27:24 Orc Burrow
27:39 War Mill
27:42 Watch Tower
27:49 Watch Tower
28:31 Watch Tower
29:29 Beastiary
29:31 Beastiary
29:36 Watch Tower
30:29 Beastiary
30:33 Beastiary
30:36 Watch Tower
30:45 Stronghold
31:32 Watch Tower
31:49 Watch Tower
31:50 Watch Tower
33:00 Watch Tower
33:45 Watch Tower
33:58 Watch Tower
34:10 Watch Tower
34:15 Altar of Storms
34:16 Fortress
35:26 Watch Tower
35:28 Watch Tower
35:45 Watch Tower
36:34 Voodoo Lounge
» items
| Healing Salve | 4 | |
| Lesser Clarity Potion | 1 | |
| Scroll of Town Portal | 2 | |
| Potion of Healing | 1 | |
| Tiny Great Hall | 2 | |
| Orb of Lightning | 1 | |
11 total

»
4V4-NOTFORKIDS (
yellow | 27 APM | 1000 actions | 37:29)
5 Dreadlord
3 Vampiric Aura
1 Sleep
1 Carrion Swarm
5 Crypt Lord
2 Impale
3 Spiked Carapace
» actions
| Basic commands | 7 | |
| Build / train | 78 | |
| Enter build submenu | 19 | |
| Enter hero's abilities submenu | 10 | |
| Right click | 433 | |
| Select / deselect | 399 | |
| Use ability | 53 | |
1000 total
» units
| Acolyte | 7 | |
| Ghoul | 13 | |
| Forest Troll Shadow Priest | 2 | |
| Crypt Fiend | 11 | |
| Obsidian Statue | 5 | |
| Abomination | 9 | |
| Goblin Zeppelin | 1 | |
48 total
» upgrades
| Cannibalize | 1 | |
| Unholy Strength | 3 | |
| Unholy Armor | 3 | |
| Web | 1 | |
| Disease Cloud | 1 | |
| Creature Attack | 1 | |
| Creature Carapace | 1 | |
11 total
» buildings
| Ziggurat | 8 | |
| Crypt | 2 | |
| Altar of Darkness | 1 | |
| Graveyard | 1 | |
| Tomb of Relics | 1 | |
| Nerubian Tower | 1 | |
| Spirit Tower | 3 | |
| Halls of the Dead | 1 | |
| Slaughterhouse | 2 | |
| Black Citadel | 1 | |
| Necropolis | 1 | |
22 total
» build order
00:13 Ziggurat
00:21 Crypt
00:42 Altar of Darkness
01:07 Graveyard
01:15 Tomb of Relics
01:52 Ziggurat
02:15 Crypt
02:53 Nerubian Tower
03:25 Ziggurat
04:29 Spirit Tower
05:11 Ziggurat
06:08 Halls of the Dead
09:07 Slaughterhouse
09:11 Slaughterhouse
11:04 Black Citadel
11:08 Ziggurat
11:12 Ziggurat
25:10 Ziggurat
25:16 Ziggurat
29:27 Necropolis
31:32 Spirit Tower
31:33 Spirit Tower
» items
Philbot.ggL (
purple | 68 APM | 2568 actions | 37:32)
10 Mountain King
3 Storm Bolt
3 Bash
1 Avatar
3 Thunder Clap
» actions
| Assign group hotkey | 49 | |
| Basic commands | 44 | |
| Build / train | 113 | |
| Enter build submenu | 33 | |
| Enter hero's abilities submenu | 10 | |
| Give item / drop item | 1 | |
| Right click | 905 | |
| Select / deselect | 401 | |
| Select group hotkey | 834 | |
| Use ability | 178 | |
2568 total
» units
| Peasant | 14 | |
| Footman | 5 | |
| Gryphon Rider | 12 | |
| Goblin Zeppelin | 1 | |
| Goblin Shredder | 1 | |
| Siege Engine | 3 | |
36 total
» upgrades
| Lumber Harvesting | 2 | |
| Masonry | 3 | |
| Swords | 3 | |
| Armor | 3 | |
| Animal War Training | 1 | |
| Storm Hammers | 1 | |
| Cloud | 1 | |
| Magic Sentry | 1 | |
| Sorceress Training | 2 | |
| Priest Training | 2 | |
| Barrage | 1 | |
20 total
» buildings
| Altar of Kings | 1 | |
| Barracks | 1 | |
| Farm | 10 | |
| Scout Tower | 51 | |
| Arcane Vault | 2 | |
| Arcane Tower | 4 | |
| Keep | 1 | |
| Lumber Mill | 1 | |
| Blacksmith | 1 | |
| Castle | 2 | |
| Gryphon Aviary | 2 | |
| Town Hall | 2 | |
| Guard Tower | 13 | |
| Arcane Sanctum | 1 | |
| Workshop | 1 | |
| Cannon Tower | 1 | |
94 total
» build order
00:08 Altar of Kings
00:21 Barracks
00:37 Farm
00:53 Farm
01:35 Scout Tower
01:58 Arcane Vault
02:07 Arcane Tower
02:22 Farm
02:45 Scout Tower
02:56 Scout Tower
03:25 Arcane Tower
04:01 Keep
04:27 Farm
04:45 Lumber Mill
04:49 Blacksmith
05:35 Farm
05:35 Farm
06:32 Castle
06:32 Castle
07:01 Gryphon Aviary
07:02 Gryphon Aviary
07:43 Farm
07:43 Farm
08:28 Farm
08:28 Farm
14:24 Town Hall
14:26 Scout Tower
14:26 Scout Tower
14:27 Scout Tower
14:41 Scout Tower
14:41 Scout Tower
15:15 Guard Tower
18:06 Scout Tower
18:06 Scout Tower
18:06 Scout Tower
18:07 Scout Tower
18:07 Scout Tower
18:07 Scout Tower
18:58 Guard Tower
20:41 Scout Tower
20:41 Scout Tower
20:41 Scout Tower
20:41 Scout Tower
20:42 Scout Tower
20:42 Scout Tower
20:42 Scout Tower
20:42 Scout Tower
20:43 Scout Tower
20:44 Guard Tower
20:44 Guard Tower
21:38 Guard Tower
21:41 Arcane Sanctum
21:58 Guard Tower
22:20 Scout Tower
22:20 Scout Tower
22:20 Scout Tower
22:22 Guard Tower
22:26 Scout Tower
22:27 Scout Tower
22:28 Guard Tower
23:23 Guard Tower
23:29 Workshop
23:50 Scout Tower
23:50 Scout Tower
23:51 Guard Tower
24:55 Arcane Tower
30:07 Scout Tower
30:08 Scout Tower
30:08 Scout Tower
30:09 Scout Tower
31:28 Guard Tower
31:33 Cannon Tower
32:45 Scout Tower
32:45 Scout Tower
32:45 Scout Tower
32:52 Town Hall
33:00 Scout Tower
33:02 Scout Tower
33:02 Scout Tower
33:44 Guard Tower
34:42 Guard Tower
34:48 Arcane Vault
37:00 Scout Tower
37:01 Scout Tower
37:01 Scout Tower
37:02 Scout Tower
37:02 Scout Tower
37:02 Scout Tower
37:03 Scout Tower
37:03 Scout Tower
37:04 Scout Tower
37:04 Scout Tower
» items
| Rod of Necromancy | 1 | |
| Scroll of Regeneration | 5 | |
| Lesser Clarity Potion | 2 | |
| Healing Salve | 1 | |
| Scroll of Town Portal | 4 | |
| Potion of Mana | 5 | |
| Orb of Corruption | 1 | |
| Potion of Healing | 3 | |
| Orb of Fire | 1 | |
| Staff of Sanctuary | 1 | |
24 total
Chat log
(01:19 / All) Philbot.ggL: im gay
(01:30 / Allies) turkeypotpie: im going to play gay
(01:37 / All) MGmT_cONGRAts: wanna hook up purple?
(01:48 / All) Philbot.ggL: aka kodos_forsaken hit me up yo
(04:08 / All) tester.acc: I'm a fucking pro
(05:19 / Allies) Philbot.ggL: i got u
(05:45 / Allies) tester.acc: 3 here
(06:06 / All) Terminator_: ha
(10:00 / All) tester.acc: your base is even more fucked up than mine and I'm joking
(10:38 / Allies) Philbot.ggL: kodo beasts woo hoo
(10:43 / Allies) turkeypotpie: lol
(12:20 / Allies) tester.acc: kill the sappers
(13:07 / Allies) Philbot.ggL: TY FOR MINE GREEN
(13:26 / Allies) Philbot.ggL: HOP ON
(13:27 / Allies) tester.acc: ?
(13:42 / Allies) Philbot.ggL: CONTROL REAL QUICK
(13:46 / Allies) tester.acc: naah, have fun
(14:49 / Allies) tester.acc: let's not go there
(14:54 / Allies) tester.acc: too muc towers
(15:00 / Allies) tester.acc: there's a fuckton of towers
(15:09 / Allies) tester.acc: that's the biggest ton there is
(15:29 / All) Philbot.ggL: GG
(16:18 / All) Philbot.ggL: gg
(17:51 / All) Philbot.ggL: ten hero kills for me
(19:53 / Allies) turkeypotpie: lol
(19:56 / Allies) turkeypotpie: this is funny
(20:03 / All) tester.acc: not even watching
(20:14 / All) tester.acc: ahhaha
(20:14 / All) Philbot.ggL: i gained 3 levels
(20:18 / All) Philbot.ggL: hella quick
(20:27 / All) tester.acc: 1 siege shot killed the troll hero + a kodo
(21:20 / All) Philbot.ggL: lets do again
(22:36 / Allies) tester.acc: pro creeping
(23:09 / Allies) tester.acc: rather effective too
(24:01 / Allies) turkeypotpie: earthquake is so much fun :P
(24:23 / All) MGmT_cONGRAts: wierd lol
(24:25 / Allies) tester.acc: that's great
(24:32 / All) Philbot.ggL: god dammit
(24:41 / All) The_WarLord: cool
(24:43 / All) tester.acc: stop it please it's pretty annoying
(24:49 / Allies) Philbot.ggL: green you are brave, attacking those golems
(24:53 / All) egoid: sucks connection tonight
(24:57 / Allies) tester.acc: holy shit
(25:00 / Allies) tester.acc: I can make a double expansion
(25:31 / Allies) 4V4-NOTFORKIDS: going in
(25:31 / Allies) tester.acc: hahaha
(26:46 / All) tester.acc: scout middle, bitches
(28:48 / All) Philbot.ggL: epic game
(29:24 / Allies) turkeypotpie: anyone have aa?
(29:49 / Allies) 4V4-NOTFORKIDS: gold me green
(29:51 / Allies) tester.acc: I guess I'll make
(29:56 / All) Philbot.ggL: stay
(29:56 / Allies) tester.acc: gave him
(30:05 / Allies) tester.acc: I think he BM scouted the middle :D
(30:16 / All) Philbot.ggL: orange ic an stab my team if u want, to make it fair
(30:30 / All) Terminator_: k
(30:40 / Allies) tester.acc: making bats
(30:46 / All) turkeypotpie: cmon, kodos only
(30:50 / Allies) tester.acc: really?
(30:55 / Allies) tester.acc: but they get owned
(30:59 / Allies) turkeypotpie: thats whats ive only done
(30:59 / Allies) tester.acc: there's no ground
(31:09 / Allies) tester.acc: they're fun when you can devour but there's only wyvs
(31:13 / Allies) 4V4-NOTFORKIDS: wow idiot purple
(31:20 / Allies) tester.acc: :DDDd
(32:01 / Allies) 4V4-NOTFORKIDS: why purple
(32:06 / Allies) Philbot.ggL: no reason
(32:09 / Allies) 4V4-NOTFORKIDS: be sych an idiot
(32:18 / All) Philbot.ggL: im just having fun yellow relax
(32:23 / All) Philbot.ggL: im not going to stab green or pink
(32:33 / Allies) 4V4-NOTFORKIDS: so killing ur allies fun
(33:32 / Allies) 4V4-NOTFORKIDS: u know ill rem,eber u purp u know that
(34:28 / Allies) tester.acc: this base is so epic
(34:56 / All) 4V4-NOTFORKIDS: lol 1 makes kodos the other bs me for no reason complet insanaty
(35:18 / All) 4V4-NOTFORKIDS: in thge middle guy full of kodos
(35:19 / All) Philbot.ggL: just making it more even orange
(35:34 / All) tester.acc: this base is epci
(35:36 / All) tester.acc: epic!
(35:43 / All) 4V4-NOTFORKIDS: bullshit ur just a little girl with sand in ur vagina
(35:54 / All) Terminator_: ARE YOU GOING TO STAB OR NOT
(35:59 / All) tester.acc: I'm trying
(36:01 / All) tester.acc: but you defend
(36:02 / All) 4V4-NOTFORKIDS: oh he did
(36:04 / All) turkeypotpie: do you really need it?
(36:11 / All) Terminator_: YA
(36:15 / All) Terminator_: IM ABOUT TO LEAVE
(36:19 / All) turkeypotpie: i got kodos!
(36:28 / All) turkeypotpie: only kodos
(36:41 / All) 4V4-NOTFORKIDS: purp as 100 tower u shoulkd leave
(36:42 / All) Philbot.ggL: just have fun
(37:12 / All) 4V4-NOTFORKIDS: if u ever get MR Philbot in ur team remeber he might bs u just for fun